AoeStats
← DubGetter1400

Arabian Desert

509155210Analyzed
1v1 RM · 5d ago on Sep 25, 2026· 22m 25s· 2 players
Game mode
Random Map
Map size
Tiny (2 player)
Population
200
Speed
Normal
Resources
Standard
Victory
Conquest
Starting age
Dark Age
Ending age
Imperial Age
RankedLock teamsTeams togetherTeam positionsShared explorationLock speedFull tech treeHidden civsTurbo modeCheats
Victory
Defeat
🇺🇸 Saxons · United States
1296
+16
🇦🇷 Franks · Argentina
1288
-16
[Vsh]-Shaka_Arg
6:57 Loom
9:26 Feudal Age
10:03 Double-Bit Axe
15:50 Wheelbarrow
20:04 Castle Age
18:42 Scale Barding Armor
21:22 Chain Barding Armor
22:20 Husbandry
DubGetter1400
8:09 Loom
10:34 Feudal Age
14:51 Castle Age
12:45 Double-Bit Axe
14:07 Scale Mail Armor
17:47 Fletching
19:22 Chain Mail Armor
20:01 Forging
21:19 Bodkin Arrow
Connection lost

Rejoining the realm…

Still unreachable

The connection could not be restored.

Session expired

The server has moved on; the page needs a fresh start.